 Dungeon Crawl Stone Soup version 0.17-a0-1007-gb2305a1 (webtiles) character file.

134 Jine the Ruffian (level 4, 0/44 HPs)
             Began as a Troll Monk on May 13, 2015.
             Slain by Grinder (4 damage)
             ... on level 3 of the Dungeon.
             The game lasted 00:05:34 (1377 turns).

Jine the Ruffian (Troll Monk)                       Turns: 1377, Time: 00:05:34

Health: 0/44       AC:  5    Str: 20    XL:     4   Next: 95%
Magic:  3/3        EV: 11    Int:  6    God:
Gold:   134        SH:  0    Dex: 12    Spells: 0 memorised, 3 levels left

rFire  . . .     SeeInvis .       - Unarmed
rCold  . . .     Clarity  .     a - +0 robe
rNeg   . . .     SustAb   .     (no shield)
rPois  .         Gourm    +     (helmet restricted)
rElec  .         Spirit   .     (no cloak)
rCorr  .         Warding  .     (gloves unavailable)
rMut   .         Stasis   .     (boots unavailable)
MR     .....                    (no amulet)
Stlth  +.........               (no ring)
                                (no ring)

@: not resistant to hostile enchantments, very unstealthy
A: unfitting armour, claws 3, fast metabolism 3, gourmand, regeneration 2,
shaggy fur 1, tough skin 2
a: no special abilities


You were on level 3 of the Dungeon.
You were full.

You visited 1 branch of the dungeon, and saw 3 of its levels.

You collected 134 gold pieces.

Inventory:

Armour
 a - a +0 robe (worn)
Jewellery
 m - a +5 ring of evasion {unknown}
Scrolls
 c - 3 scrolls of identify {unknown}
 d - a scroll of amnesia {unknown}
 e - 2 scrolls of blinking {unknown}
 f - a scroll of magic mapping {unknown}
 i - a scroll of recharging {unknown}
 l - 2 scrolls of immolation {unknown}
 o - a scroll of fog {unknown}
Potions
 g - a potion of invisibility {unknown}
 h - a potion of lignification {unknown}
 n - 2 potions of haste {unknown}
Comestibles
 b - 5 bread rations
 j - a meat ration
 k - a slice of pizza
 p - 3 chunks of flesh


   Skills:
 + Level 2.7 Fighting
 + Level 3.6 Dodging
 + Level 1.2 Stealth
 + Level 5.0 Unarmed Combat


You had 3 spell levels left.
You didn't know any spells.

Dungeon Overview and Level Annotations

Branches:
Dungeon (3/15)

Altars:

Annotations:
D:3 Grinder


Innate Abilities, Weirdness & Mutations

You are too large for most types of armour.
You have claws for hands.
Your metabolism is lightning-fast.
You like to eat raw meat.
You heal very quickly.
You are covered in fur (AC +1).
You have very tough skin (AC +2).


Message History

You claw Grinder!
Grinder is heavily wounded.
Grinder hits you!
* * * LOW HITPOINT WARNING * * *
You writhe in agony.
* * * LOW HITPOINT WARNING * * *
You scratch Grinder.
Grinder is severely wounded.
You barely miss Grinder.
Grinder is severely wounded.
Grinder hits you but does no damage.
You barely miss Grinder.
Grinder is severely wounded.
Grinder closely misses you.
You barely miss Grinder. Your claw misses Grinder.
Grinder is severely wounded.
Grinder hits you.
* * * LOW HITPOINT WARNING * * *
You writhe in agony.
You die...

.# #+### .#########
...# .........# ...+
.#..####.# ..## .#..#
#.# ... .#..####.####
#+#.#
............####.#.#
...................#
.............###@###
###..........# #5#
#..........# #.#
#...###...............
#...# ####.###..###.#.
#...# #.. ...#
........ ###.## .#


You could see Grinder.

Vanquished Creatures
  An orc priest (D:3)
  An orc wizard (D:3)
  4 adders (D:2)
  3 orcs (D:3)
  6 bats
  2 giant cockroaches (D:3)
  8 goblins
  4 hobgoblins
  4 jackals (D:1)
  5 kobolds
  2 quokkas
  A giant gecko (D:2)
  4 rats
45 creatures vanquished.

Vanquished Creatures (others)
  5 toadstools (D:1)
5 creatures vanquished.

Grand Total: 50 creatures vanquished

Notes
Turn   | Place    | Note
--------------------------------------------------------------
     0 | D:1      | Jine the Troll Monk began the quest for the Orb.
     0 | D:1      | Reached XP level 1. HP: 22/22 MP: 0/0
    88 | D:1      | Reached XP level 2. HP: 27/29 MP: 1/1
   574 | D:2      | Reached XP level 3. HP: 23/36 MP: 2/2
  1167 | D:3      | Reached XP level 4. HP: 44/44 MP: 3/3
  1180 | D:3      | Reached skill level 5 in Unarmed Combat
  1344 | D:3      | Noticed Grinder
  1377 | D:3      | Slain by Grinder

Vault maps used:
D:1:      ldierk_walled_garden
D:3:      uniq_grinder, uniq_natasha

Action                   |  1- 3 |  4- 6 || total
-------------------------+-------+-------++-------
Melee: Unarmed           |    88 |    39 ||   127
 Stab: Sleeping          |     1 |       ||     1
  Eat: Chunk             |     6 |     4 ||    10
       Bread ration      |     1 |       ||     1
